 Dungeon Crawl Stone Soup version 0.31.0-11-ge490571c62 (webtiles) character file.

Game seed: 6480155491139235625

47 qw the Shooter (level 3, -4/18 HPs)
             Began as a Spriggan Hunter on Feb 5, 2024.
             Slain by a ribbon worm (7 damage)
             ... on level 2 of the Dungeon.
             The game lasted 00:00:03 (1130 turns).

qw the Shooter (Spriggan Hunter)                    Turns: 1130, Time: 00:00:03

Health: -4/18      AC:  2    Str:  7    XL:     3   Next: 48%
Magic:  4/4        EV: 19    Int: 10    God:
Gold:   39         SH:  0    Dex: 20    Spells: 2/2 levels left

rFire   . . .        a - +0 shortbow
rCold   . . .        (shield currently unavailable)
rNeg    . . .        c - +0 robe
rPois   .            (helmet restricted)
rElec   .            (no cloak)
rCorr   .            (gloves unavailable)
SInv    +            (boots unavailable)
Will    .....        (no amulet)
Stlth   ++           (no ring)
HPRegen 0.23/turn    (no ring)
MPRegen 0.09/turn

%: no passive effects
@: very quick
A: very small, no large weapons, unfitting armour, see invisible, speed 3
a: no special abilities


You were on level 2 of the Dungeon.
You visited 1 branch of the dungeon, and saw 2 of its levels.

You collected 39 gold pieces.


Innate Abilities, Weirdness & Mutations

You are very small and have problems with some larger weapons.
You are too small for most types of armour.
You have supernaturally acute eyesight. (SInv)
You cover ground extremely quickly. (Speed+++)


   Skills:
 - Level 1.5 Fighting
 + Level 4.8 Ranged Weapons
 - Level 4.0 Dodging
 - Level 1.5 Stealth


You had 2 spell levels left.
You didn't know any spells.
Your spell library was empty.

Inventory:

Hand Weapons
 a - a +0 shortbow (weapon)
Armour
 c - a +0 robe (worn)
Scrolls
 b - 2 scrolls of identify {unknown}
 d - a scroll of noise {unknown}

Dungeon Overview and Level Annotations

Branches:
Dungeon (2/15)

Altars:

Shops:
D:1 *

Annotations:
D:2 1 runed translucent door, Crazy Yiuf


Message History

Found 5 stones.
A ribbon worm comes into view.
You shoot an arrow. The arrow hits the ribbon worm.
The ribbon worm is moderately wounded.
You shoot an arrow. The arrow hits the ribbon worm.
The ribbon worm is moderately wounded.
You shoot an arrow. The arrow hits the ribbon worm.
The ribbon worm is moderately wounded.
The ribbon worm expels a string of sticky webbing.
The stream of webbing hits you but does no damage.
You are caught in a web!
The web tears apart.
You shoot an arrow.
The arrow barely misses the ribbon worm.
You shoot an arrow. The arrow hits the ribbon worm!
The ribbon worm is severely wounded.
The ribbon worm expels a string of sticky webbing.
The stream of webbing hits you but does no damage.
You are caught in a web!
The ribbon worm bites you. The ribbon worm bites you.
The ribbon worm expels a string of sticky webbing.
The stream of webbing hits you but does no damage.
You are even more entangled.
The ribbon worm bites you but does no damage.
The ribbon worm bites you! The ribbon worm bites you.
The ribbon worm expels a string of sticky webbing.
The stream of webbing hits you but does no damage.
You are even more entangled.
The ribbon worm closely misses you.
Enter note:
Enter note:
Enter note:
Enter note:
1129 ||| Stepping randomly (stuck).
The web tears apart.
You shoot an arrow.
The arrow barely misses the ribbon worm.
The ribbon worm bites you!
You die...

#..##
##.......##
###.##
##.....##
#...#
##...##
#.### ##'##
#.# #.#####
#.# #......
#.# ##..####
###.###
#####...####
#(...@#
............
#.###w#
#####...###.
#. #.#
##...... #
#.. #######
..## ###


You could see a ribbon worm.

Vanquished Creatures
  A dart slug (D:1)
  2 endoplasms (D:1)
  4 giant cockroaches
  9 goblins
  5 hobgoblins (D:1)
  5 quokkas
  3 ball pythons (D:1)
  3 bats
  2 frilled lizards (D:1)
  A kobold (D:1)
  3 rats (D:1)
38 creatures vanquished.

Notes
Turn   | Place    | Note
-------+----------+-------------------------------------------
     0 | D:1      | qw the Spriggan Hunter began the quest for the Orb.
     0 | D:1      | Reached XP level 1. HP: 10/10 MP: 2/2
     0 | D:1      | 0 ||| qw: Version: 0.3-a-160-g6735b56
     0 | D:1      | 0 ||| qw: Game counter: 6188
     0 | D:1      | 0 ||| qw: Melee chars always use a shield: true
     0 | D:1      | 0 ||| qw: God list: Okawaru
     0 | D:1      | 0 ||| qw: Allow faded altars: false
     0 | D:1      | 0 ||| qw: Do Orc after clearing Dungeon:15 true
     0 | D:1      | 0 ||| qw: Do second Lair branch before Depths: true
     0 | D:1      | 0 ||| qw: Lair rune preference: random
     0 | D:1      | 0 ||| qw: Goals: Normal
     0 | D:1      | 0 ||| PLANNING D:1-11
    47 | D:1      | Found Cesiuciocuo's Assorted Antiques.
    53 | D:1      | 53 ||| SHOPLISTING amethyst potion (24 gold, have 0).
    53 | D:1      | 53 ||| SHOPLISTING encrusted emerald ring (135 gold, have
                  | 0).
    53 | D:1      | 53 ||| SHOPLISTING scroll labelled ATHIAD MYPEN (27 gold,
                  | have 0).
    53 | D:1      | 53 ||| SHOPLISTING scroll labelled OWKORI ZIHADGH (27 gold,
                  | have 0).
    63 | D:1      | Reached skill level 3 in Dodging
   100 | D:1      | Reached XP level 2. HP: 14/14 MP: 3/3
   290 | D:1      | Reached XP level 3. HP: 10/18 MP: 4/4
   669 | D:1      | 669 ||| READING scroll labelled YZXOPL TOFILESHU.
   670 | D:1      | 670 ||| READING scroll labelled TUG HAROPEVO.
   670 | D:1      | 670 ||| ENCHANTING +0 shortbow.
   671 | D:1      | 671 ||| READING scroll labelled VONUES ICUISS.
   772 | D:1      | 772 ||| DROPPING scroll of butterflies.
   918 | D:2      | Found a runed translucent door.
   919 | D:2      | Noticed Crazy Yiuf
  1125 | D:2      | HP: 4/18 [ribbon worm (8)]
  1129 | D:2      | 1129 ||| Stepping randomly (stuck).
  1130 | D:2      | Slain by a ribbon worm

Levels and vault maps discovered:
D:1:      dpeg_arrival_three_same_balls, layout_loops_ring, serial_shops, shop,
          minmay_close_crescents
D:2:      layout_loops_corners, uniq_crazy_yiuf_cottage

Skill      XL: |  1  2 |
---------------+-------+-----
Dodging        | 3 4 |  4.0
Fighting       | |  1.5
Ranged Weapons | |  4.8
Stealth        | |  1.5

Action                     || total
---------------------------++-------
   Fire: Shortbow          ||    91
    Use: Scroll            ||     3
 Armour: Robe              ||    13
  Dodge: Dodged            ||    22

Table legend:
 A = Non-vault XP
 B = Vault XP
 C = Vault XP percentage of total XP
 D = Non-vault monster count
 E = Vault monster count
 F = Vault count percentage of total count
                 A         B        C        D         E       F
            +---------+---------+-------+---------+---------+-------
      Total |      64 |       4 |   5.9 |      35 |       3 |   7.9
            +---------+---------+-------+---------+---------+-------
        D:1 |      54 |       4 |   6.9 |      29 |       3 |   9.4
        D:2 |      10 |       0 |   0.0 |       6 |       0 |   0.0
            +---------+---------+-------+---------+---------+-------
